 Dungeon Crawl Stone Soup version 0.27.1-3-gb3d3a73c9e (webtiles) character file.

Game seed: 5837311711442440047

62 khargal the Ducker (level 3, -5/28 HPs)
             Began as a Demonspawn Gladiator on Oct 19, 2021.
             Slain by a gnoll (9 damage)
             ... on level 3 of the Dungeon.
             The game lasted 00:03:49 (1923 turns).

khargal the Ducker (Demonspawn Gladiator)           Turns: 1923, Time: 00:03:50

Health: -5/28      AC:  7    Str: 15    XL:     3   Next: 85%
Magic:  3/3        EV: 13    Int:  9    God:
Gold:   114        SH:  0    Dex: 14    Spells: 2/2 levels left

rFire    . . .     SeeInvis .   a - +0 quarterstaff
rCold    . . .     Faith    .   (shield currently unavailable)
rNeg     . . .     Spirit   .   b - +0 leather armour
rPois    .         Reflect  .   i - +1 helmet
rElec    .         Harm     .   (no cloak)
rCorr    .         Rampage  .   (no gloves)
Will     +....                  h - +1 pair of boots
Stlth    ++........             (no amulet)
HPRegen  0.09/turn              g - ring of willpower
MPRegen  0.08/turn              (no ring)

@: no status effects
A: sturdy frame 1
a: no special abilities


You were on level 3 of the Dungeon.
You visited 1 branch of the dungeon, and saw 3 of its levels.

You collected 114 gold pieces.

Inventory:

Hand Weapons
 a - a +0 quarterstaff (weapon)
Missiles
 d - 3 throwing nets (quivered)
Armour
 b - a +0 leather armour (worn)
 c - a +0 helmet
 h - a +1 pair of boots (worn)
 i - a +1 helmet (worn)
Jewellery
 g - a ring of willpower (left hand)
Scrolls
 e - a scroll of fog
 j - a scroll of identify
Potions
 f - 2 potions of curing
 k - 2 potions of brilliance
 l - a potion of degeneration


   Skills:
 + Level 2.4 Fighting
 - Level 3.1 Staves
 - Level 1.8 Throwing
 * Level 1.2 Armour
 + Level 3.2 Dodging
 + Level 0.7 Stealth


You had 2 spell levels left.
You didn't know any spells.
Your spell library was empty.

Dungeon Overview and Level Annotations

Branches:
Dungeon (3/15)

Altars:


Innate Abilities, Weirdness & Mutations

Your movements are slightly less encumbered by armour. (ER -2)


Message History

The gnoll shouts!
The adder bites you.
You closely miss the adder. The adder barely misses you.
The adder closely misses you.
You closely miss the gnoll. The gnoll barely misses you. The adder bites you.
You are poisoned.
The adder poisons you! The gnoll closely misses you. x2
You hit the gnoll.
The gnoll is moderately wounded.
You feel sick. The adder barely misses you. The gnoll hits you with a +0 club.
The gnoll barely misses you. The adder barely misses you.
The gnoll closely misses you.
You hit the gnoll.
The gnoll is severely wounded.
You feel sick. The adder bites you.
The gnoll hits you but does no damage. x2
You closely miss the gnoll.
The gnoll is severely wounded.
You feel sick. The adder closely misses you. The gnoll misses you.
The gnoll hits you from afar with a +0 halberd.
The gnoll hits you from afar with a +0 spear.
The gnoll closely misses you. The adder bites you but does no damage.
You are too injured to fight recklessly!
You are too injured to fight recklessly!
You are too injured to fight recklessly!
You are too injured to fight recklessly!
You are too injured to fight recklessly!
You are too injured to fight recklessly!
You are too injured to fight recklessly!
You are too injured to fight recklessly!
You are too injured to fight recklessly!
You are too injured to fight recklessly!
You feel sick.
You feel sick. The adder bites you.
* * * LOW HITPOINT WARNING * * *
You feel sick.
You are no longer poisoned.
As you read the scroll of fog, it crumbles to dust.
The scroll dissolves into smoke.
The adder closely misses you. The gnoll hits you with a +0 flail!
You die...

#.#........###.#...
.. #.##.........#
## #. #.....#####
#. #.....######. #.
#............ #.
##....#.######
##§#.........
###§##..#####
#§§@§§...#
#§gS§§...#
#######§g♣§♣.....
.......g.♣♣....)..
........g...♣...###
#####.....♣♣♣...#
#....... ...#
#........ #
.......##.#


You could see 2 gnolls and an adder.

Vanquished Creatures
  An adder (D:2)
  A worm (D:2)
  An orc (D:3)
  2 endoplasms
  3 giant cockroaches
  2 goblins (D:2)
  5 hobgoblins
  2 jackals (D:2)
  7 kobolds
  3 quokkas
  6 ball pythons
  6 bats
  2 frilled lizards
  3 rats
44 creatures vanquished.

Notes
Turn   | Place    | Note
-------+----------+-------------------------------------------
     0 | D:1      | khargal the Demonspawn Gladiator began the quest for the
                  | Orb.
     0 | D:1      | Reached XP level 1. HP: 16/16 MP: 1/1
   400 | D:1      | Gained mutation: Your movements are slightly less
                  | encumbered by armour. (ER -2) [demonic ancestry]
   400 | D:1      | Reached XP level 2. HP: 22/22 MP: 2/2
   600 | D:1      | Found a faded altar of an unknown god.
  1185 | D:2      | Reached XP level 3. HP: 22/27 MP: 3/3
  1465 | D:2      | Reached skill level 1 in Armour
  1923 | D:3      | Slain by a gnoll

Illustrated notes

Levels and vault maps discovered:
D:1:      mrwooster_arrival_statue, layout_basic,
          hellmonk_ecumenical_altar_heavens_door, minmay_domino_4
D:2:      layout_rooms
D:3:      layout_loops_ring, mainiacjoe_overflow_tiny_flanked,
          kennysheep_flooded_box, chequers_garden, minmay_misc_feat_five

Skill      XL: |  1  2  3 |
---------------+----------+-----
Staves         | 3 |  3.1
Dodging        | 3 |  3.2
Armour         | 1 |  1.2
Fighting       | |  2.4
Throwing       | |  1.8
Stealth        | |  0.7

Action                   || total
-------------------------++-------
Melee: Quarterstaff      ||   124
  Use: Scroll            ||     5
 Stab: Sleeping          ||     4
Armor: Leather armour    ||    40
Dodge: Dodged            ||    82
